 Dungeon Crawl Stone Soup version 0.21-a0-405-gf2af9a1 (webtiles) character file.

786 Ijustatesigmund the Cleaver (level 7, -8/64 HPs)
             Began as a Hill Orc Fighter on Nov 1, 2017.
             Mangled by an ogre
             ... wielding a +0 giant spiked club
              (9 damage)
             ... on level 4 of the Dungeon.
             The game lasted 00:10:11 (4214 turns).

Ijustatesigmund the Cleaver (Hill Orc Fighter)      Turns: 4214, Time: 00:10:11

Health: -8/64      AC:  8    Str: 19    XL:     7   Next: 86%
Magic:  7/7        EV:  7    Int:  8    God:
Gold:   170        SH:  9    Dex: 12    Spells: 6/6 levels left

rFire    . . .     SeeInvis .   a - +1 war axe
rCold    . . .     Gourm    .   c - +0 shield
rNeg     . . .     Faith    .   b - +0 scale mail
rPois    .         Spirit   .   (no helmet)
rElec    .         Reflect  .   (no cloak)
rCorr    +         Harm     .   d - +0 pair of gloves
MR       .....                  (no boots)
Stlth    ..........             m - amulet of magic regeneration
HPRegen  0.20/turn              g - ring of resist corrosion
MPRegen  0.35/turn              (no ring)

@: no status effects
A: no striking features
a: no special abilities


You were on level 4 of the Dungeon.
You were not hungry.

You visited 1 branch of the dungeon, and saw 4 of its levels.
You also visited: Sewer.

You collected 170 gold pieces.

Inventory:

Hand Weapons
 a - a +1 war axe (weapon)
Armour
 b - a +0 scale mail (worn)
 c - a +0 shield (worn)
 d - a +0 pair of gloves (worn)
Jewellery
 g - a ring of resist corrosion (left hand)
 m - an amulet of magic regeneration (around neck)
Scrolls
 l - a scroll of recharging
 o - 2 scrolls of remove curse
 r - a scroll of magic mapping
 s - a scroll of teleportation
 u - a scroll of fear
Potions
 i - a potion of brilliance
 j - a potion of agility
 k - a potion of resistance
 p - a potion of might
Comestibles
 f - 3 bread rations
 h - a meat ration
 n - a royal jelly
 t - a fruit


   Skills:
 + Level 6.7 Fighting
 + Level 8.8 Axes
 + Level 4.0 Armour
 + Level 4.0 Shields


You had 6 spell levels left.
You didn't know any spells.

Dungeon Overview and Level Annotations

Branches:
Dungeon (4/15)
 Temple: D:4-7

Altars:
Dithmenos
Elyvilon
Makhleb
Nemelex Xobeh
Qazlal
Sif Muna
Wu Jian
Yredelemnul
Zin


Message History

The ogre hits you with a giant spiked club!!
You are too injured to fight recklessly!
You are too injured to fight recklessly!
You are too injured to fight recklessly!
You are too injured to fight recklessly!
You are too injured to fight recklessly!
You are too injured to fight recklessly!
You barely miss the ogre.
The ogre is heavily wounded.
Your shield and scale mail prevent you from hitting the ogre.
The ogre is heavily wounded.
The ogre closely misses you.
You completely miss the ogre.
The ogre is heavily wounded.
The ogre hits you with a giant spiked club!!
* * * LOW HITPOINT WARNING * * *
You barely miss the ogre.
The ogre is heavily wounded.
The ogre hits you with a giant spiked club!
You die...

*,*,,,,****,,,,,,*+*,,,,,,
#.#....#***,.....,,,,,,,,,
#......+,,+,.....,,,,,,,,,
#......#***......,,,,,,,**
#......+,,,......,,,,,,,*
#......####......***+****
#......#.........* *,*
#......#.#.......* *,***##
#........@O#+***** *,,,,..
#..######..#,* *****##
#.....#,...#,* #.
#####.##.#....#,* #.
#.....##.#....#,* #.
#.######.#....#,* #. #.#
#.#.##.#,# #.
#.####*#.#...<#.# #.
#.##..,.......#.# #.


You could see an ogre.

Vanquished Creatures
  The ghost of Ijustatesigmund the Chopper, an amateur HOFi (D:4)
  An ice beast (D:4)
  A scorpion (D:4)
  A water moccasin skeleton (D:3)
  3 worker ants
  3 orc wizards
  Robin (D:2)
  4 gnolls (D:2)
  10 adders
  A river rat (Sewer)
  A worm (D:2)
  7 leopard geckos
  15 orcs
  5 ball pythons
  4 bats
  3 giant cockroaches
  20 goblins
  10 hobgoblins
  9 jackals
  7 kobolds
  A quokka (D:3)
  9 frilled lizards
  16 rats
133 creatures vanquished.

Notes
Turn   | Place    | Note
-------+----------+-------------------------------------------
     0 | D:1      | Ijustatesigmund the Hill Orc Fighter began the quest for the Orb.
     0 | D:1      | Reached XP level 1. HP: 19/19 MP: 1/1
   157 | D:1      | Reached skill level 3 in Axes
   377 | D:1      | Reached XP level 2. HP: 26/27 MP: 2/2
   977 | D:2      | Found a stormy altar of Qazlal.
   977 | D:2      | Found an ornate altar of the Wu Jian Council.
   982 | D:2      | Reached skill level 4 in Axes
   982 | D:2      | Reached XP level 3. HP: 27/33 MP: 3/3
   983 | D:2      | Found a burning altar of Makhleb.
   983 | D:2      | Found a deep blue altar of Sif Muna.
   985 | D:2      | Found a shadowy altar of Dithmenos.
   985 | D:2      | Found a white marble altar of Elyvilon.
   986 | D:2      | Found a sparkling altar of Nemelex Xobeh.
  1027 | D:2      | Noticed Robin
  1057 | D:2      | Killed Robin
  1058 | D:2      | Reached XP level 4. HP: 33/41 MP: 4/4
  1125 | D:2      | Reached skill level 5 in Axes
  1131 | D:2      | HP: 2/41 [gnoll/halberd (12)]
  1328 | D:2      | Reached XP level 5. HP: 47/47 MP: 5/5
  1620 | D:2      | Found a basalt altar of Yredelemnul.
  1713 | D:3      | Reached skill level 5 in Fighting
  1713 | D:3      | Reached skill level 6 in Axes
  2236 | D:3      | Reached XP level 6. HP: 56/56 MP: 6/6
  2248 | D:3      | Reached skill level 7 in Axes
  2450 | D:3      | Found a faded altar of an unknown god.
  2954 | D:4      | Noticed Ijustatesigmund's ghost (amateur HOFi)
  2973 | D:4      | Killed Ijustatesigmund's ghost
  2973 | D:4      | Reached skill level 8 in Axes
  2973 | D:4      | Reached XP level 7. HP: 14/63 MP: 7/7
  3125 | D:4      | Found a glowing drain.
  3247 | Sewer    | Entered a sewer
  4179 | D:4      | Found a glowing silver altar of Zin.
  4213 | D:4      | HP: 1/64 [ogre/giant spiked club (24)]
  4214 | D:4      | Mangled by an ogre

Vault maps used:
D:1:      ncdulo_watergridlock
D:2:      grunt_temple_overflow_open, mrwooster_statue_mirror,
          yredelemnul_altar_generic, uniq_robin
D:3:      chequers_ecumenical_altar_island, first_bread
D:4:      lemuel_doored_altar, gup_sewer_entry_glass
Sewer:    sewer_co_cracked_pipes

Skill      XL: |  1  2  3  4  5  6  7 |
---------------+----------------------+-----
Axes           | 3 4 5 6 8 |  8.8
Fighting       | 4 5 6 |  6.7
Armour         | 4 |  4.0
Shields        | 4 |  4.0

Action                   |  1- 3 |  4- 6 |  7- 9 || total
-------------------------+-------+-------+-------++-------
Melee: War axe           |    76 |   206 |   131 ||   413
  Use: Potion            |     1 |     3 |     3 ||     7
       Scroll            |       |     9 |     3 ||    12
  Eat: Chunk             |       |     7 |     4 ||    11
Armor: Scale mail        |    26 |    68 |    38 ||   132
Dodge: Dodged            |    19 |    51 |    33 ||   103
Block: Shield            |    41 |   100 |    65 ||   206

Table legend:
 A = Spawn XP
 B = Non-spawn XP
 C = Spawn XP percentage of total XP
 D = Spawn monster count
 E = Non-spawn monster count
 F = Spawn count percentage of total count
 G = Total turns spent on level
                    A         B        C        D         E        F      G
               +---------+---------+-------+---------+---------+-------+---------
         Total |       0 |    1123 |   0.0 |       0 |     133 |   0.0 |  4214
               +---------+---------+-------+---------+---------+-------+---------
           D:1 |       0 |      20 |   0.0 |       0 |      11 |   0.0 |   886
           D:2 |       0 |     175 |   0.0 |       0 |      46 |   0.0 |   798
           D:3 |       0 |     251 |   0.0 |       0 |      34 |   0.0 |  1226
           D:4 |       0 |     636 |   0.0 |       0 |      26 |   0.0 |   733
         Sewer |       0 |      41 |   0.0 |       0 |      16 |   0.0 |   571
               +---------+---------+-------+---------+---------+-------+---------
